 Dungeon Crawl Stone Soup version 0.29.1-2-gbd0b4ee654 (webtiles) character file.

Game seed: 3647139349438653462

143 zeram the Sneak (level 5, -1/35 HPs)
             Began as an Octopode Brigand on Nov 15, 2022.
             Slain by a hobgoblin (3 damage)
             ... led by Robin
             ... on level 3 of the Dungeon.
             The game lasted 00:04:33 (1740 turns).

zeram the Sneak (Octopode Brigand)                  Turns: 1740, Time: 00:04:33

Health: -1/35      AC:  8    Str: 13    XL:     5   Next: 25%
Magic:  5/5        EV: 13    Int: 13    God:
Gold:   184        SH:  0    Dex: 13    Spells: 4/4 levels left

rFire   . . .      SeeInvis .   a - +2 dagger (protect)
rCold   . . .      Faith    .   (no shield)
rNeg    . . .      Spirit   .   (helmet restricted)
rPois   .          Reflect  .   (no amulet)
rElec   .          Harm     .   (no ring)
rCorr   .          Rampage  .   (no ring)
Will    .....                   (no ring)
Stlth   +++++.....              (no ring)
HPRegen 0.11/turn               (no ring)
MPRegen 0.09/turn               (no ring)
                                (no ring)
                                (no ring)

@: under a protective aura, slowed, very slow
A: almost no armour, amphibious, 8 rings, camouflage 1, gelatinous body 1,
(nimble swimmer 1), tentacles
a: no special abilities


You were on level 3 of the Dungeon.
You visited 1 branch of the dungeon, and saw 3 of its levels.

You collected 184 gold pieces.

Inventory:

Hand Weapons
 a - a +2 dagger of protection (weapon)
Missiles
 b - 9 poisoned darts (quivered)
 c - 3 curare-tipped darts
Jewellery
 i - an amulet of magic regeneration
Scrolls
 e - a scroll of magic mapping
 f - a scroll of noise
 k - a scroll of fog
 m - a scroll of immolation {unknown}
 p - a scroll of amnesia {unknown}
Potions
 d - 3 potions of magic {unknown}
 g - a potion of flight {unknown}
 h - a potion of heal wounds {unknown}
 j - a potion of invisibility {unknown}
 l - 2 potions of degeneration {unknown}
 n - a potion of brilliance
 o - a potion of ambrosia {unknown}


   Skills:
 + Level 2.6 Fighting
 + Level 2.8 Short Blades
 + Level 2.2 Throwing
 + Level 1.3 Dodging
 + Level 7.6 Stealth


You had 4 spell levels left.
You didn't know any spells.
Your spell library was empty.

Dungeon Overview and Level Annotations

Branches:
Dungeon (3/15)

Altars:
Hepliaklqana
Sif Muna

Shops:
D:1 :

Annotations:
D:3 Jessica, Robin


Innate Abilities, Weirdness & Mutations

You cannot wear most types of armour.
You are amphibious.
You can wear up to eight rings at the same time.
Your skin changes colour to match your surroundings (Stealth+).
Your rubbery body absorbs attacks. (AC +1, EV +1)
((You are camouflaged when in or above water. (Stealth+)))
You have tentacles for arms and can constrict up to eight enemies at once.


Message History

You release your grip on Robin.
The rat attacks as you move away! The rat closely misses you.
Jessica attacks as you move away! Jessica hits you with a +0 dagger.
* * * LOW HITPOINT WARNING * * *
The hobgoblin attacks as you move away! The hobgoblin closely misses you.
Jessica barely misses you.
Things that are here:
a +0 club; a goblin corpse The rat closely misses you.
Robin throws the goblin at you!
You hit the goblin.
You kill the goblin!
The rat barely misses you. Robin throws the goblin at you!
The goblin unwields a +0 sling.
The goblin wields a +0 club.
The goblin closely misses you.
Unknown command.
You hit the goblin. Your grab misses the goblin.
The goblin is severely wounded.
Jessica barely misses you. The rat barely misses you.
Robin throws the goblin at you! The goblin hits you with a +0 club.
* * * LOW HITPOINT WARNING * * *
Unknown command.
You hit the goblin.
You kill the goblin!
Jessica casts a spell at you.
You feel yourself slow down. The goblin hits you but does no damage.
The rat barely misses you. The hobgoblin barely misses you.
Unknown command.
Found a hazy altar of Hepliaklqana.
Found a stone staircase leading down.
The goblin barely misses you. Jessica hits you but does no damage.
Items here: ))) †.
You closely miss the goblin.
The goblin shouts!
You grab the goblin.
You constrict the goblin, but do no damage.
The goblin misses you.
Robin roars a battlecry!
The goblins go into a battle-frenzy!
Jessica hits you but does no damage. The hobgoblin hits you.
You die...

....# #### ....# ##...##
8..# #⌠....##....
#.._...##..# #⌠...g..##.##
.##...@gg.#..# #
>..#####@rgg..#.#
.......##.)#....# #####
#...... #.##.#### #...#
.##..._. ###..# #.#.#
.gg##.... ##.Sg#######.#.#
g.8.##...##.8..##.........
g.g.g#####gg...##.####....
..gg..gg.....##.#.......


You could see Robin, Jessica, 2 hobgoblins, 2 goblins and a rat.

Vanquished Creatures
  Natasha (thrice) (D:2)
  2 adders (D:2)
  A dart slug (D:2)
  9 bats
  6 endoplasms
  A giant cockroach (D:1)
  12 goblins
  4 hobgoblins
  2 jackals (D:1)
  A quokka (D:1)
  3 ball pythons
  A frilled lizard (D:1)
  A rat (D:1)
46 creatures vanquished.

Vanquished Creatures (others)
  A goblin (D:3)
1 creature vanquished.

Grand Total: 47 creatures vanquished

Notes
Turn   | Place    | Note
-------+----------+-------------------------------------------
     0 | D:1      | zeram the Octopode Brigand began the quest for the Orb.
     0 | D:1      | Reached XP level 1. HP: 14/14 MP: 1/1
    62 | D:1      | Reached XP level 2. HP: 16/19 MP: 2/2
   179 | D:1      | Found a faded altar of an unknown god.
   302 | D:1      | Reached skill level 6 in Stealth
   492 | D:1      | Found Lein Isy's Vocational Training.
   501 | D:1      | Reached XP level 3. HP: 19/24 MP: 3/3
   810 | D:2      | Found a shimmering blue altar of Sif Muna.
  1054 | D:2      | Noticed Natasha
  1062 | D:2      | Killed Natasha
  1063 | D:2      | Reached XP level 4. HP: 27/30 MP: 4/4
  1135 | D:2      | Noticed Natasha
  1145 | D:2      | Killed Natasha
  1146 | D:2      | Reached skill level 7 in Stealth
  1431 | D:2      | Noticed Natasha
  1441 | D:2      | Killed Natasha
  1442 | D:2      | Reached XP level 5. HP: 25/35 MP: 5/5
  1698 | D:3      | Noticed Jessica
  1701 | D:3      | Noticed Robin
  1718 | D:3      | Found a faded altar of an unknown god.
  1737 | D:3      | HP: 1/35 [goblin/+0 club[Robin] (1)]
  1739 | D:3      | Found a hazy altar of Hepliaklqana.
  1740 | D:3      | Slain by a hobgoblin

Illustrated notes

Levels and vault maps discovered:
D:1:      grunt_arrival_crossed_arrows, layout_rooms,
          chequers_ecumenical_altar_simple_redux, st_stairs_6,
          nicolae_shop_vocational
D:2:      minmay_wonky_spiral, layout_rooms, basic_altar, uniq_natasha
D:3:      layout_loops_cross, mainiacjoe_overflow_alcove_3, fiery_altar_vehumet,
          nicolae_overflow_ecumenical_swirl, minmay_cut_off, uniq_grinder,
          uniq_robin, uniq_jessica

Skill      XL: |  1  2  3  4 |
---------------+-------------+-----
Stealth        | 6 7 |  7.6
Fighting       | |  2.6
Short Blades   | |  2.8
Throwing       | |  2.2
Dodging        | |  1.3

Action                   |  1- 3 |  4- 6 || total
-------------------------+-------+-------++-------
Melee: Dagger            |    53 |    43 ||    96
       Tentacles         |    11 |     4 ||    15
       Constrict         |    10 |     7 ||    17
       Punch             |     2 |       ||     2
  Use: Scroll            |     4 |     1 ||     5
 Stab: Sleeping          |    10 |     6 ||    16
Armor: Skin              |    10 |    21 ||    31
Dodge: Dodged            |    28 |    44 ||    72
